 Dungeon Crawl Stone Soup version 0.18-a0-1390-gc02854d (webtiles) character file.

26219 Kidiri the Thaumaturge (level 12, -8/68 HPs)
             Began as a Deep Elf Conjurer on Feb 22, 2016.
             Was a High Priest of Vehumet.
             Mangled by a death yak (10 damage)
             ... led by a torpor snail
             ... on level 5 of the Lair of Beasts.
             The game lasted 01:44:48 (22226 turns).

Kidiri the Thaumaturge (Deep Elf Conjurer)         Turns: 22226, Time: 01:44:49

Health: -8/68      AC: 12    Str:  8    XL:     12   Next: 96%
Magic:  1/29       EV: 20    Int: 26    God:    Vehumet [*****.]
Gold:   1094       SH:  0    Dex: 17    Spells: 11 memorised, 2 levels left

rFire  + + .     SeeInvis .     x - +1 dagger (freeze)
rCold  . . .     Gourm    .     T - +2 robe of Kuhium {rF++ Stlth+}
rNeg   . . .     Faith    .     (no shield)
rPois  .         Spirit   .     K - +2 hat
rElec  .         Dismiss  .     (no cloak)
rCorr  .         Reflect  .     e - +2 pair of gloves
SustAt .         Harm     .     O - +2 pair of boots
MR     +....                    (no amulet)
Stlth  +++++.....               Y - +3 ring of strength
                                d - +2 ring of evasion

@: somewhat resistant to hostile enchantments, quite stealthy
A: fangs 1, agile 1, blink, sense surroundings 1, regeneration 1, evolution 1
a: Blink, Renounce Religion


You were on level 5 of the Lair of Beasts.
You worshipped Vehumet.
Vehumet was extremely pleased with you.
You were not hungry.

You visited 3 branches of the dungeon, and saw 15 of its levels.
You also visited: Labyrinth.

You collected 1094 gold pieces.

Inventory:

Hand Weapons
 x - a +1 dagger of freezing (weapon)
Missiles
 M - a throwing net (quivered)
Armour
 e - a +2 pair of gloves (worn)
 D - a +3 leather armour of positive energy
 K - a +2 hat (worn)
 O - a +2 pair of boots (worn)
 T - the +2 robe of Kuhium (worn) {rF++ Stlth+}
   (You found it on level 3 of the Lair of Beasts)

   It greatly protects you from fire.
   It makes you more stealthy.
Magical Staves
 L - an uncursed staff of wizardry
Jewellery
 a - an uncursed ring of resist corrosion
 d - a +2 ring of evasion (left hand)
 A - an uncursed ring of protection from cold
 E - a +4 ring of evasion
 Y - a +3 ring of strength (right hand)
Wands
 f - a wand of enslavement (11/24)
 h - a wand of iceblast (5/15)
 j - a wand of polymorph (5/24)
 n - a wand of slowing (29/48)
 z - a wand of flame (22/48)
 C - a wand of confusion (16/48)
 F - a wand of lightning (3/15)
 J - a wand of random effects (36/48)
 P - a wand of disintegration (13/24)
 S - a wand of paralysis (9/24)
 Z - a wand of acid (9/15)
Scrolls
 m - 6 scrolls of remove curse
 p - a scroll of silence
 t - a scroll of fog
 u - a scroll of recharging
 y - 3 scrolls of enchant armour
 I - a scroll of blinking
 N - a scroll of teleportation {unknown}
 Q - a scroll of brand weapon
 V - a scroll of acquirement {unknown}
 X - a scroll of magic mapping
Potions
 i - a potion of heal wounds
 k - a potion of haste
 l - a potion of ambrosia
 o - 3 potions of lignification
 q - a potion of invisibility
 r - a potion of cure mutation
 s - 2 potions of cancellation
 v - 3 potions of curing
 G - a potion of agility
Books
 b - a book of Conjurations

   Spells                             Type                      Level
   a - Magic Dart                     Conjuration                  1
   b - Searing Ray                    Conjuration                  2
   c - Dazzling Spray                 Conjuration/Hexes            3
   d - Fulminant Prism                Conjuration/Hexes            4
   e - Iskenderun's Mystic Blast      Conjuration                  4
   f - Iskenderun's Battlesphere      Conjuration/Charms           5
 w - a book of Geomancy

   Spells                             Type                      Level
   a - Sandblast                      Earth                        1
   b - Passwall                       Transmutation/Earth          2
   c - Stone Arrow                    Conjuration/Earth            3
   d - Petrify                        Transmutation/Earth          4
   e - Lee's Rapid Deconstruction     Earth                        5
 B - a book of Spatial Translocations

   Spells                             Type                      Level
   a - Apportation                    Translocation                1
   b - Blink                          Translocation                2
   c - Shroud of Golubria             Charms/Translocation         2
   d - Portal Projectile              Translocation                3
   e - Teleport Other                 Translocation                3
   f - Passage of Golubria            Translocation                4
 H - a Young Poisoner's Handbook

   Spells                             Type                      Level
   a - Sting                          Conjuration/Poison           1
   b - Cure Poison                    Poison                       2
   c - Mephitic Cloud                 Conjuration/Poison/Air       3
   d - Olgreb's Toxic Radiance        Poison                       4
   e - Venom Bolt                     Conjuration/Poison           5
Comestibles
 c - 8 bread rations
 g - 5 meat rations


   Skills:
 + Level 4.8 Fighting
 + Level 3.5 Staves
 + Level 4.2 Armour
 + Level 8.9 Dodging
 + Level 8.1 Stealth
 * Level 11.2 Spellcasting
 * Level 10.5 Conjurations
 + Level 6.6 Hexes
 + Level 6.3 Charms
 + Level 5.3 Translocations
 + Level 3.3 Transmutations
 + Level 4.2 Ice Magic
 + Level 4.2 Air Magic
 + Level 4.6 Earth Magic
 + Level 4.2 Poison Magic
 + Level 5.9 Evocations


You had 2 spell levels left.
You knew the following spells:

 Your Spells              Type           Power        Failure   Level  Hunger
a - Throw Frost           Conj/Ice       ######       1%          2    None
b - Searing Ray           Conj           ######       1%          2    None
c - Dazzling Spray        Conj/Hex       ######..     1%          3    None
d - Iskenderun's Mystic   Conj           ######..     1%          4    None
e - Fulminant Prism       Conj/Hex       ######....   1%          4    None
f - Shroud of Golubria    Chrm/Tloc      #####.....   1%          2    None
g - Mephitic Cloud        Conj/Pois/Air  #####...     1%          3    None
h - Stone Arrow           Conj/Erth      ######       1%          3    None
i - Passwall              Trmt/Erth      #####.....   1%          2    None
j - Cure Poison           Pois           #####.....   1%          2    None
k - Passage of Golubria   Tloc           N/A          6%          4    None


Dungeon Overview and Level Annotations

Branches:
Dungeon (9/15)             Temple (1/1) D:5            Lair (5/8) D:9
  Swamp (0/4) Lair:4          Orc (0/2) D:9
  Snake: Lair:3-6    Spider: Lair:3-6

Altars:
Ashenzari
Cheibriados
Dithmenos
Elyvilon
Fedhas
Gozag
Kikubaaqudgha
Makhleb
Nemelex Xobeh
Okawaru
Pakellas
Qazlal
Ru
Sif Muna
Trog
Vehumet
Xom
Yredelemnul
Zin
The Shining One
Lugonu

Annotations:
D:4 Natasha


Innate Abilities, Weirdness & Mutations

You have very sharp teeth.
You are agile. (Dex +2)
You can translocate small distances at will.
You passively map a small area around you.
Your natural rate of healing is unusually fast.
You evolve.


Message History

You hit the death yak but do no damage.
You bite the death yak, but do no damage.
The death yak is moderately wounded.
The death yak closely misses you. The death yak gores you.
Your fulminant prism explodes!
The blast of energy engulfs the death yak.
The death yak is severely wounded.
The blast of energy engulfs the death yak.
The death yak is moderately wounded.
You hear a screech!
You hit the death yak. You freeze the death yak.
The death yak is severely wounded.
The death yak completely misses you. The death yak gores you!
Unknown command.
You hit the death yak. You freeze the death yak.
The death yak is severely wounded.
The death yak gores you!!
* * * LOW HITPOINT WARNING * * *
The death yak gores you!
You die...

, ...##
#....................
#.P##.........##.........
*
+.P............#...+.....
♣..............#####.....
, ♣♣.............#
##..†.. ♣####...#.#####
#...†.. * #.....###
#.....+ ###YY.#.# #......
* ####@#+.#* #.#.... ,
#.......##.# #......? , *
#.......P.###.......# *
,* #.......+..##.......#
*##.......#.# ...Y.... ,
, * ♣.# #......#... , *
....+.......### , , *
*#........# *, ♣♣♣♣
**##......## * , , *


You could see 2 death yaks.

Vanquished Creatures
  Gastronok (Lair:3)
  Maud (Lair:3)
  A minotaur (Lab)
  Josephine (Lair:4)
  2 hydras (Lair:2)
  Pikel (D:6)
  3 griffons
  7 elephants
  3 spiny frogs
  2 black mambas
  A torpor snail (Lair:5)
  2 komodo dragons
  2 jumping spiders (Lair:5)
  5 blink frogs (Lair:1)
  A redback (Lair:5)
  20 yaks
  Eustachio (D:5)
  A spriggan (D:8)
  4 wraiths (Lair:4)
  2 basilisks
  4 hippogriffs
  A hungry ghost (D:8)
  Menkaure (D:6)
  A mottled dragon (D:9)
  Duvessa (D:7)
  9 porcupines
  A sky beast (D:7)
  7 water moccasins
  An ice beast (D:5)
  3 orc warriors
  A swamp drake (D:9)
  2 slaves (D:6)
  3 black bears
  3 ogres
  2 necrophages (D:7)
  2 phantoms
  A centaur (D:6)
  8 crocodiles
  A big kobold (D:9)
  A gnoll sergeant (D:8)
  A wyvern zombie (D:8)
  13 giant frogs
  Dowan (D:7)
  2 scorpions
  5 killer bees (D:7)
  An electric eel (Lair:2)
  7 crimson imps
  2 giant frog zombies
  5 hounds
  A centaur zombie (D:8)
  7 orc priests
  2 centaur skeletons
  2 jellies
  11 orc wizards
  Jessica (D:2)
  7 iguanas
  Natasha (D:4)
  4 worker ants
  26 sheep
  5 gnolls (D:8)
  A worker ant zombie (D:6)
  40 river rats
  15 adders
  A shadow imp (D:5)
  An ooze (D:2)
  An adder skeleton (D:8)
  An adder zombie (D:6)
  2 worms
  A dart slug (D:2)
  7 giant geckos
  49 orcs
  4 ball pythons
  8 giant cockroaches
  14 goblins
  10 hobgoblins
  19 jackals
  15 kobolds
  6 quokkas
  A ball python skeleton (D:4)
  16 bats
  A giant cockroach zombie (D:5)
  2 giant gecko skeletons
  5 giant newts
  A quokka skeleton (D:5)
  9 rats
  A fungus (Lair:5)
449 creatures vanquished.

Vanquished Creatures (others)
  A komodo dragon (D:9)
  An orc (D:6)
  A quokka (D:6)
  26 fulminant prisms
  4 fungi
  4 toadstools (D:1)
37 creatures vanquished.

Grand Total: 486 creatures vanquished

Notes
Turn   | Place    | Note
--------------------------------------------------------------
     0 | D:1      | Kidiri the Deep Elf Conjurer began the quest for the Orb.
     0 | D:1      | Reached XP level 1. HP: 10/10 MP: 6/6
   237 | D:1      | Reached XP level 2. HP: 4/16 MP: 1/8
   478 | D:1      | Learned a level 2 spell: Searing Ray
   966 | D:1      | Reached XP level 3. HP: 18/20 MP: 3/9
   971 | D:1      | Learned a level 3 spell: Dazzling Spray
  1535 | D:2      | Found a shimmering altar of Xom.
  1615 | D:2      | Noticed Jessica
  1619 | D:2      | Killed Jessica
  1619 | D:2      | Reached skill level 5 in Conjurations
  1619 | D:2      | Reached XP level 4. HP: 24/24 MP: 6/11
  1625 | D:2      | Learned a level 4 spell: Iskenderun's Mystic Blast
  1881 | D:2      | Reached skill level 1 in Fighting
  2135 | D:2      | Found a sacrificial altar of Ru.
  2664 | D:3      | Reached skill level 4 in Spellcasting
  2664 | D:3      | Reached skill level 1 in Hexes
  2664 | D:3      | Reached XP level 5. HP: 26/29 MP: 0/13
  3218 | D:3      | Reached skill level 1 in Armour
  3270 | D:3      | Reached XP level 6. HP: 34/34 MP: 11/15
  3276 | D:3      | Learned a level 4 spell: Fulminant Prism
  4275 | D:4      | Reached skill level 5 in Spellcasting
  4518 | D:4      | Found a basalt altar of Yredelemnul.
  4522 | D:4      | Noticed Natasha
  4529 | D:4      | Killed Natasha
  4604 | D:4      | Learned a level 1 spell: Apportation
  4628 | D:4      | Noticed Natasha
  4902 | D:4      | Reached skill level 5 in Dodging
  4902 | D:4      | Reached XP level 7. HP: 38/38 MP: 3/17
  5141 | D:4      | Reached skill level 1 in Translocations
  5335 | D:5      | Entered Level 5 of the Dungeon
  5335 | D:5      | Found a blossoming altar of Fedhas.
  5462 | D:5      | Learned a level 2 spell: Shroud of Golubria
  5495 | D:5      | Found a staircase to the Ecumenical Temple.
  5509 | Temple   | Entered the Ecumenical Temple
  5562 | D:5      | Found a radiant altar of Vehumet.
  5581 | D:5      | Became a worshipper of Vehumet
  5833 | D:5      | Noticed Eustachio
  5846 | D:5      | Killed Eustachio
  5846 | D:5      | Reached skill level 6 in Spellcasting
  6021 | D:5      | Reached XP level 8. HP: 44/44 MP: 10/19
  6021 | D:5      | Reached skill level 1 in Evocations
  6261 | D:5      | Reached skill level 1 in Charms
  6513 | D:5      | Found an iron altar of Okawaru.
  6786 | D:6      | Noticed Pikel
  6796 | D:6      | Killed Pikel
  6796 | D:6      | Reached * piety under Vehumet
  6796 | D:6      | Offered knowledge of Shock by Vehumet.
  6963 | D:6      | Learned a level 1 spell: Shock
  6973 | D:6      | Found an opulent altar of Gozag.
  7002 | D:6      | Found an oddly glowing altar of Pakellas.
  7014 | D:6      | Reached skill level 5 in Stealth
  7026 | D:6      | Reached skill level 7 in Spellcasting
  7241 | D:6      | Found a glowing golden altar of the Shining One.
  7241 | D:6      | Found a white marble altar of Elyvilon.
  7241 | D:6      | Found a glowing silver altar of Zin.
  7445 | D:6      | Reached XP level 9. HP: 32/49 MP: 11/21
  7743 | D:6      | Learned a level 3 spell: Stone Arrow
  7903 | D:6      | Noticed Menkaure
  7907 | D:6      | Killed Menkaure
  8313 | D:7      | Reached skill level 1 in Air Magic
  8313 | D:7      | Offered knowledge of Throw Frost by Vehumet.
  8315 | D:7      | Reached ** piety under Vehumet
  8560 | D:7      | Learned a level 2 spell: Throw Frost
  8602 | D:7      | Gained mutation: You evolve. [potion of mutation]
  8602 | D:7      | Gained mutation: You can translocate small distances at will. [potion of mutation]
  8602 | D:7      | Gained mutation: You are agile. (Dex +2) [potion of mutation]
  8878 | D:7      | Gained mutation: Your natural rate of healing is unusually fast. [evolution]
  8985 | D:7      | Reached skill level 1 in Earth Magic
  9364 | D:7      | Noticed Duvessa
  9364 | D:7      | Noticed Dowan
  9379 | D:7      | Killed Duvessa
  9385 | D:7      | Killed Dowan
 10045 | D:8      | Reached skill level 1 in Ice Magic
 10332 | D:8      | Gained mutation: You have very sharp teeth. [potion of beneficial mutation]
 10347 | D:8      | Found a bloodstained altar of Trog.
 10368 | D:8      | Reached skill level 8 in Spellcasting
 10439 | D:8      | Found a stormy altar of Qazlal.
 10624 | D:8      | Gained mutation: You have extremely sharp teeth. [evolution]
 10723 | D:8      | Offered knowledge of Static Discharge by Vehumet.
 10729 | D:8      | Found a bloodstained altar of Trog.
 10965 | D:8      | Reached XP level 10. HP: 33/56 MP: 11/24
 11102 | D:8      | Learned a level 2 spell: Cure Poison
 11969 | D:9      | Reached *** piety under Vehumet
 12161 | D:9      | Learned a level 2 spell: Passwall
 12183 | D:9      | Reached skill level 1 in Staves
 12310 | D:9      | Found a staircase to the Lair.
 12696 | D:9      | Found a staircase to the Orcish Mines.
 12721 | D:9      | Offered knowledge of Force Lance by Vehumet.
 13428 | Lair:1   | Entered Level 1 of the Lair of Beasts
 13451 | Lair:1   | Reached skill level 1 in Poison Magic
 13667 | Lair:1   | Reached **** piety under Vehumet
 13688 | Lair:1   | Lost mutation: You have extremely sharp teeth. [evolution]
 13910 | Lair:1   | Noticed a black mamba
 13915 | Lair:1   | Killed a black mamba
 13962 | Lair:1   | Reached skill level 9 in Spellcasting
 13962 | Lair:1   | Reached skill level 1 in Transmutations
 14100 | Lair:1   | Reached skill level 5 in Hexes
 14437 | Lair:1   | Reached XP level 11. HP: 54/60 MP: 9/26
 14443 | Lair:1   | Offered knowledge of Lightning Bolt by Vehumet.
 14551 | Lair:1   | Learned a level 3 spell: Mephitic Cloud
 14908 | Lair:1   | Noticed a griffon
 14931 | Lair:1   | Killed a griffon
 14931 | Lair:1   | Reached skill level 5 in Charms
 15669 | Lair:2   | Noticed a seven-headed hydra
 15674 | Lair:2   | Killed a seven-headed hydra
 16621 | Lair:2   | Reached skill level 5 in Evocations
 16778 | Lair:1   | Reached skill level 10 in Spellcasting
 17446 | Lair:2   | Noticed a six-headed hydra
 17453 | Lair:2   | Killed a six-headed hydra
 17736 | Lair:3   | Noticed Maud
 17922 | Lair:3   | Reached XP level 12. HP: 45/66 MP: 3/28
 17978 | Lair:3   | HP: 3/66 [giant frog (6)]
 18173 | Lair:3   | Reached ***** piety under Vehumet
 18205 | Lair:3   | Found a labyrinth entrance.
 18215 | Lab      | Entered a labyrinth
 18375 | Lab      | Noticed a minotaur
 18431 | Lab      | Killed a minotaur
 18431 | Lab      | Offered knowledge of Ozocubu's Refrigeration by Vehumet.
 18492 | Lab      | Got a spiked chain mail
 18523 | Lair:3   | Identified the +4 chain mail "Wuent" {rC+ Dex+6} (You found it in a labyrinth)
 18641 | Lair:3   | Learned a level 4 spell: Passage of Golubria
 18676 | Lair:3   | Killed Maud
 18821 | Lair:3   | Noticed Gastronok
 19687 | Lair:3   | Got a distressingly furry robe
 19698 | Lair:3   | Identified the +2 robe of Kuhium {rF++ Stlth+} (You found it on level 3 of the Lair of Beasts)
 19831 | Lair:3   | Killed Gastronok
 19831 | Lair:3   | Reached skill level 10 in Conjurations
 19831 | Lair:3   | Reached skill level 5 in Translocations
 20194 | Lair:4   | Found a staircase to the Swamp.
 20332 | Lair:4   | Reached skill level 11 in Spellcasting
 20972 | Lair:4   | Gained mutation: You passively map a small area around you. [evolution]
 21112 | Lair:4   | Noticed Josephine
 21344 | Lair:4   | Killed Josephine
 22181 | Lair:5   | Noticed a death yak
 22186 | Lair:5   | Noticed a death yak
 22226 | Lair:5   | HP: 2/68 [death yak[a torpor snail] (26)]
 22226 | Lair:5   | Mangled by a death yak

Vault maps used:
D:1:      ldierk_walled_garden_2, st_stairs_9, minivault_23
D:2:      nicolae_ru_sacrificial_ziggurat, xom_teletrap_fun,
          minmay_misc_feat_ornament, uniq_jessica
D:4:      nicolae_overflow_crystal_walls, st_stairs_12, minmay_misc_feat_alley,
          uniq_natasha
D:5:      okawaru_altar_gauntlet_db, fedhas_altar_1, vehumet_altar_wand_db,
          temple_pool_a, first_bread, uniq_eustachio
D:6:      good_gods_mini_temple, nicolae_gozag_seed_capital, kennysheep_mini,
          uniq_menkaure, uniq_pikel
D:7:      uniq_duvessa
D:8:      lightli_temple_of_fire, nicolae_overflow_hidden_temple, the_bakery,
          minivault_11, kennysheep_decorative_pillar, trog_three_pillars_becter
D:9:      erik_lair_dragon, erik_orc_1
Temple:   corrupted_temple
Lair:1:   serial_bayou_shore_b, infiniplex_staircase_pool_2, lemuel_fruit_tree
Lair:2:   roderic_batcave, beast_lair_carwin_11, serial_bayou_shore_a,
          grunt_megastairs_5
Lair:3:   lab_entry_generic, uniq_maud, uniq_gastronok
Lair:4:   swamp_mist_pool, uniq_josephine
Lair:5:   nicolae_spider_entry_tight_spaces, bh_autumn_forest_stairs
Lab:      labyrinth_mini_lab, nicolae_lab_hexagon, nicolae_lab_very_dead_end,
          nicolae_lab_starburst, nicolae_lab_statue

Skill      XL: |  1  2  3  4  5  6  7  8  9 10 11 12 |
---------------+-------------------------------------+-----
Dodging        | 3 4 5 6 7 8 |  8.9
Conjurations   | 5 6 7 8 9 10 | 10.5
Fighting       | 1 2 3 4 |  4.8
Stealth        | 3 4 5 6 7 8 |  8.1
Spellcasting   | 4 5 6 7 8 9 10 11 | 11.2
Hexes          | 1 2 3 4 5 6 |  6.6
Armour         | 1 2 3 4 |  4.2
Translocations | 1 2 3 4 5 |  5.3
Evocations     | 2 3 4 5 |  5.9
Charms         | 2 4 5 6 |  6.3
Air Magic      | 1 2 3 4 |  4.2
Earth Magic    | 1 2 3 4 |  4.6
Ice Magic      | 1 2 3 4 |  4.2
Staves         | 1 2 3 |  3.5
Poison Magic   | 1 3 4 |  4.2
Transmutations | 1 2 3 |  3.3

Action                   |  1- 3 |  4- 6 |  7- 9 | 10-12 || total
-------------------------+-------+-------+-------+-------++-------
Melee: Unarmed           |     1 |       |       |       ||     1
       Dagger            |       |    58 |   155 |     9 ||   222
       Staff             |       |       |     1 |    97 ||    98
 Cast: Magic Dart        |    76 |   158 |   132 |     7 ||   373
       Dazzling Spray    |       |    12 |    56 |    79 ||   147
       Searing Ray       |       |     7 |     1 |       ||     8
       Fulminant Prism   |       |       |     6 |    20 ||    26
       Stone Arrow       |       |       |    27 |   153 ||   180
       Shock             |       |       |     1 |       ||     1
       Throw Frost       |       |       |       |   393 ||   393
       Iskenderun's Myst |       |       |       |     4 ||     4
       Mephitic Cloud    |       |       |       |     5 ||     5
Evoke: Wand              |       |       |       |     6 ||     6
  Use: Scroll            |     1 |     5 |     2 |    25 ||    33
       Potion            |       |     1 |     2 |    15 ||    18
 Stab: Sleeping          |       |     1 |     7 |     1 ||     9
       Invisible         |       |     1 |    15 |     3 ||    19
  Eat: Chunk             |     2 |    10 |    11 |    15 ||    38
       Pizza             |       |       |     1 |     1 ||     2
       Beef jerky        |       |       |     3 |     5 ||     8
       Bread ration      |       |       |     1 |       ||     1
       Royal jelly       |       |       |       |     2 ||     2
       Fruit             |       |       |       |     3 ||     3
       Meat ration       |       |       |       |     1 ||     1
